 Dungeon Crawl Stone Soup version 0.29-a0-362-g5854e031c7 (webtiles) character file.

Game seed: 9150432428286999566

9595 OTABOTABOTAB the Geomancer (level 11, -8/67 HPs)
             Began as a Gargoyle Earth Elementalist on Apr 29, 2022.
             Was a Follower of Vehumet.
             Mangled by a death yak (16 damage)
             ... on level 9 of the Dungeon.
             The game lasted 00:22:11 (14055 turns).

OTABOTABOTAB the Geomancer (GrEE)                  Turns: 14055, Time: 00:22:12

Health: -8/67      AC: 14    Str: 13    XL:     11   Next: 48%
Magic:  1/22       EV: 14    Int: 19    God:    Vehumet [*.....]
Gold:   792        SH:  0    Dex: 10    Spells: 8/25 levels left

rFire   + . .      SeeInvis .   j - +3 dagger
rCold   + + .      Faith    .   (no shield)
rNeg    + . .      Spirit   .   v - +1 robe {rC+}
rPois   ∞          Reflect  .   (no helmet)
rElec   +          Harm     .   n - +1 cloak {Will+}
rCorr   .          Rampage  .   m - +0 pair of gloves
Will    +....                   (no boots)
Stlth   ++........              a - amulet of the acrobat
HPRegen 0.21/turn               C - ring of protection from cold {rC+, !d}
MPRegen 0.18/turn               F - ring of protection from fire {rF+, !d}

@: hasted, very quick
A: sickness immunity, AC +8, negative energy resistance 1, electricity
resistance, torment resistance 1, petrification resistance
a: Renounce Religion


You were on level 9 of the Dungeon.
You worshipped Vehumet.
Vehumet was aware of your devotion.
You visited 2 branches of the dungeon, and saw 11 of its levels.

You collected 792 gold pieces.

Inventory:

Hand Weapons
 j - a +3 dagger (weapon)
   (You took it off an orc wizard on level 6 of the Dungeon)
Missiles
 b - 6 datura-tipped darts
 e - 31 poisoned darts (quivered)
 l - 9 boomerangs
 s - 186 stones
Armour
 m - a +0 pair of gloves (worn)
   (You found it on level 6 of the Dungeon)
 n - a +1 cloak of willpower (worn)
   (You found it on level 6 of the Dungeon)
 v - a +1 robe of cold resistance (worn)
   (You took it off Erica on level 8 of the Dungeon)
Jewellery
 a - an amulet of the acrobat (around neck)
   (You found it on level 1 of the Dungeon)
 i - a +6 ring of strength
   (You found it on level 1 of the Dungeon)
 p - a ring of flight {+Fly, !d}
   (You found it on level 4 of the Dungeon)
 A - a +4 ring of protection
   (You found it on level 2 of the Dungeon)
 C - a ring of protection from cold (left hand) {rC+, !d}
   (You found it on level 1 of the Dungeon)
 E - a +4 ring of evasion
   (You found it on level 9 of the Dungeon)
 F - a ring of protection from fire (right hand) {rF+, !d}
   (You found it on level 10 of the Dungeon)
 V - a ring of see invisible {sInv, !d}
   (You found it on level 9 of the Dungeon)
Wands
 h - a wand of acid (7)
   (You found it on level 9 of the Dungeon)
Scrolls
 g - a scroll of amnesia
 x - 2 scrolls of enchant weapon
 K - 2 scrolls of immolation {!r}
 S - a scroll of summoning
 Y - 2 scrolls of teleportation {@r3}
Potions
 d - a potion of experience {unknown}
 k - a potion of cancellation
 o - a potion of heal wounds {unknown}
 r - a potion of lignification {unknown}
 u - 2 potions of degeneration {unknown}
 B - a potion of brilliance
 H - 2 potions of haste
 I - a potion of invisibility
 J - 2 potions of curing {@q1}
 M - 2 potions of magic
 R - a potion of resistance
 U - a potion of mutation {!q}


   Skills:
 + Level 7.3 Fighting
 + Level 6.9 Dodging
 - Level 2.1 Stealth
 + Level 7.7 Spellcasting
 * Level 9.5 Conjurations
 - Level 0.7 Transmutations
 - Level 10.3 Earth Magic


You had 8 spell levels left.
You knew the following spells:

 Your Spells              Type           Power      Damage    Failure   Level
a - Sandblast             Erth           92%        2d19      1%          1
b - Orb of Destruction    Conj           21%        9d8       85%         7
c - Magic Dart            Conj           100%       1d8       1%          1
x - Stone Arrow           Conj/Erth      90%        3d12      1%          3
z - Iskenderun's Battles  Conj           43%        2d9       5%          5

Your spell library contained the following spells:

 Spells                   Type           Power      Damage    Failure   Level
 Foxfire                  Conj/Fire      100%       2x1d9     1%          1
 Passwall                 Tmut/Erth      23%        N/A       1%          2
 Mephitic Cloud           Conj/Pois/Air  19%        N/A       8%          3
 Pain                     Necr           28%        1d5       10%         1
 Petrify                  Tmut/Erth      28%        N/A       10%         4
 Leda's Liquefaction      Hex/Erth       13%        N/A       11%         4
 Call Imp                 Summ           7%         N/A       14%         2
 Call Canine Familiar     Summ           7%         N/A       28%         3
 Gell's Gravitas          Tloc           7%         N/A       28%         3
 Lesser Beckoning         Tloc           7%         N/A       28%         3
 Portal Projectile        Hex/Tloc       14%        N/A       28%         3
 Teleport Other           Tloc           7%         N/A       28%         3
 Fireball                 Conj/Fire      12%        3d7       36%         5
 Olgreb's Toxic Radiance  Pois           7%         N/A       67%         4
 Conjure Ball Lightning   Conj/Air       12%        3x3d6     90%         6
 Agony                    Necr           7%         N/A       95%         5
 Excruciating Wounds      Necr           3%         N/A       95%         5
 Ozocubu's Refrigeration  Ice            3%         4d5       100%        7
 Ignition                 Fire           3%         3d4       100%        8


Dungeon Overview and Level Annotations

Branches:
Dungeon (10/15)            Temple (1/1) D:5
   Lair: D:8-11         Orc: D:9-12

Altars:
Ashenzari
Cheibriados
Dithmenos
Elyvilon
Fedhas
Gozag
Hepliaklqana
Kikubaaqudgha
Qazlal
Sif Muna
Trog
Uskayaw
Vehumet
Wu Jian
Zin


Innate Abilities, Weirdness & Mutations

You are immune to sickness and miasma.
Your stone body is resilient. (AC +8)
You are immune to poison.
You resist negative energy. (rN+)
You are resistant to electric shocks. (rElec)
You are resistant to unholy torment.
You are immune to petrification.


Message History

You throw a curare-tipped dart.
The curare-tipped dart hits the death yak.
The death yak looks as sick as possible!
The death yak convulses.
The death yak seems to be slow for longer.
The death yak gores you.
You take 6 damage, and have 61/67 hp.
Throw: 2 darts (curare)
Aim: a death yak (78% to hit)
You throw a curare-tipped dart.
The curare-tipped dart hits the death yak.
The death yak looks as sick as possible!
The death yak convulses.
The death yak seems to be slow for longer.
The death yak gores you but does no damage.
Throw: dart (curare)
Aim: a death yak (78% to hit)
You throw a curare-tipped dart.
The curare-tipped dart hits the death yak.
The death yak looks as sick as possible!
The death yak convulses.
The death yak seems to be slow for longer.
Throw: 4 javelins
Aim: a death yak (78% to hit)
You throw a javelin.
The javelin pierces through the death yak.
The javelin barely misses the death yak.
You hear a bellow!
You kill the death yak!
Vehumet accepts your kill.
Throw: 3 javelins
Aim: a death yak (78% to hit)
You throw a javelin.
The javelin pierces through the death yak but does no damage.
The javelin pierces through the death yak.
The death yak completely misses you.
The death yak gores you but does no damage.
Throw: 2 javelins
Aim: a death yak (lightly wounded, 78% to hit)
You throw a javelin.
The javelin pierces through the death yak but does no damage.
The javelin pierces through the death yak.
The death yak misses you.
Throw: javelin
Aim: a death yak (lightly wounded, 78% to hit)
You throw a javelin.
The javelin barely misses the death yak.
The javelin pierces through the death yak but does no damage.
The death yak gores you.
The death yak gores you but does no damage.
You take 6 damage, and have 57/67 hp.
Throw: 190 stones
Aim: a death yak (lightly wounded, 78% to hit)
You throw a stone. The stone hits the death yak.
The death yak closely misses you.
Aim: a death yak (lightly wounded, 94% to hit)
The blast of sand hits the death yak.
s - 188 stones The death yak gores you!!
You take 22 damage, and have 35/67 hp.
MASSIVE DAMAGE!!
You now have 1/22 mp.
Aim: a death yak (lightly wounded, 94% to hit)
The blast of sand hits the death yak but does no damage.
s - 187 stones The death yak gores you but does no damage.
You now have 0/22 mp.
Throw: 34 darts (poison)
Aim: a death yak (lightly wounded, 78% to hit)
You throw a poisoned dart. The poisoned dart hits the death yak.
The death yak closely misses you.
Throw: 33 darts (poison)
Aim: a death yak (lightly wounded, 78% to hit)
You throw a poisoned dart. The poisoned dart hits the death yak.
The death yak is poisoned.
The death yak gores you!
You take 13 damage, and have 23/67 hp.
Throw: 32 darts (poison)
Aim: a death yak (lightly wounded, 78% to hit)
You throw a poisoned dart. The poisoned dart hits the death yak.
The death yak looks even sicker.
The death yak gores you but does no damage.
Aim: a death yak (94% to hit)
The blast of sand hits the death yak!
s - 186 stones The death yak gores you!!
* * * LOW HITPOINT WARNING * * *
You take 18 damage, and have 5/67 hp.
MASSIVE DAMAGE!!
You now have 0/22 mp.
You feel better.
The death yak gores you but does no damage.
You regained 9 hp, and now have 14/67 hp.
The death yak gores you.
* * * LOW HITPOINT WARNING * * *
You climb upwards.
There is a stone staircase leading down here.
You take 6 damage, and have 8/67 hp.
You feel yourself speed up. The death yak gores you!
You die...

#.######.# #.........#..
###........# #.........#..
#..........######## #.........'..
#####.............###......>..#..
#.........................###
#...#######..................
#...#.....#..........###.....
#...#.....#.Y........#.#.....
#...#.....#.@..#######.'.#'##
#...#.....#....#.......#.#...
#...#.....#....#.......#.#...
#...#.....#....#....)..#.#...
#...#.....#....#.......#.####
#...#.../.#....#.......#.....
#...###'###....#.......#.....
#..............#.......#.....
#..............#########.....


You could see a death yak (very poisoned).

Vanquished Creatures
  A hydra (D:8)
  2 two-headed ogres
  Erica (D:8)
  2 death yaks (D:10)
  Pikel (D:8)
  A kobold demonologist (D:9)
  2 shadows (D:9)
  Sigmund (D:2)
  5 yaks
  4 wyverns
  2 steam dragons
  An acid dragon (D:9)
  2 water moccasins
  2 orc warriors (D:7)
  2 ice beasts
  2 sky beasts (D:7)
  2 black bears
  2 ogres
  2 wolves (D:8)
  A lemure (D:7)
  2 centaurs (D:7)
  A phantom (D:6)
  2 kobold brigands
  A necrophage (D:8)
  4 bullfrogs
  A gnoll sergeant (D:7)
  4 scorpions
  4 killer bees (D:8)
  An electric eel (D:8)
  6 hounds
  An orc priest (D:3)
  3 iguanas
  Terence (D:3)
  6 orc wizards
  2 killer bee simulacra (D:8)
  6 gnolls
  7 adders
  2 shadow imps
  A white imp (D:8)
  A howler monkey simulacrum (D:8)
  2 ufetubi (D:8)
  3 worms
  A dart slug (D:1)
  32 orcs
  5 bats
  6 endoplasms
  2 giant cockroaches
  7 goblins
  4 hobgoblins
  3 quokkas
  5 ball pythons
  2 frilled lizards
  11 kobolds
  6 rats
183 creatures vanquished.

Notes
Turn   | Place    | Note
-------+----------+-------------------------------------------
     0 | D:1      | OTABOTABOTAB the Gargoyle Earth Elementalist began the
                  | quest for the Orb.
     0 | D:1      | Reached XP level 1. HP: 10/10 MP: 3/3
   549 | D:1      | Reached XP level 2. HP: 11/15 MP: 5/5
   993 | D:1      | Reached skill level 4 in Earth Magic
  1274 | D:1      | Reached skill level 2 in Dodging
  1937 | D:2      | Reached XP level 3. HP: 19/19 MP: 6/6
  1941 | D:2      | Learned a level 3 spell: Stone Arrow
  2065 | D:2      | Noticed Sigmund
  2072 | D:2      | Killed Sigmund
  2073 | D:2      | Reached skill level 3 in Spellcasting
  2073 | D:2      | Reached skill level 5 in Earth Magic
  2073 | D:2      | Reached XP level 4. HP: 24/24 MP: 1/9
  2073 | D:2      | Reached XP level 5. HP: 28/28 MP: 1/10
  2685 | D:3      | Noticed Terence
  2705 | D:3      | Killed Terence
  2706 | D:3      | Reached skill level 3 in Dodging
  2948 | D:3      | Found a broken altar of Ashenzari.
  2988 | D:3      | Reached XP level 6. HP: 31/32 MP: 11/11
  3079 | D:3      | Reached skill level 1 in Conjurations
  3220 | D:3      | Found a faded altar of an unknown god.
  3994 | D:4      | Reached skill level 2 in Conjurations
  4070 | D:4      | Noticed a black bear
  4092 | D:4      | Killed a black bear
  4093 | D:4      | Reached skill level 6 in Earth Magic
  4093 | D:4      | Reached XP level 7. HP: 15/36 MP: 0/12
  4691 | D:4      | Found a stormy altar of Qazlal.
  4693 | D:4      | Found a glowing silver altar of Zin.
  4749 | D:4      | Reached skill level 3 in Conjurations
  5071 | D:5      | Entered Level 5 of the Dungeon
  5098 | D:5      | Found an opulent altar of Gozag.
  5148 | D:5      | Found a blossoming altar of Fedhas.
  5154 | D:5      | Reached skill level 4 in Spellcasting
  5387 | D:5      | Found an ancient bone altar of Kikubaaqudgha.
  5599 | D:5      | Reached skill level 7 in Earth Magic
  5693 | D:5      | Reached skill level 4 in Conjurations
  5693 | D:5      | Reached XP level 8. HP: 41/41 MP: 1/14
  5808 | D:5      | Found a staircase to the Ecumenical Temple.
  5813 | Temple   | Entered the Ecumenical Temple
  5909 | Temple   | Became a worshipper of Vehumet
  6121 | D:5      | Found a shadowy altar of Dithmenos.
  7006 | D:6      | Reached skill level 4 in Dodging
  7009 | D:6      | Reached skill level 1 in Fighting
  7031 | D:6      | Reached skill level 5 in Conjurations
  7716 | D:7      | Reached skill level 2 in Fighting
  7716 | D:7      | Reached skill level 8 in Earth Magic
  7800 | D:7      | Reached skill level 5 in Spellcasting
  7893 | D:7      | Reached XP level 9. HP: 48/49 MP: 4/16
  8191 | D:7      | Reached skill level 3 in Fighting
  8697 | D:7      | Reached skill level 6 in Conjurations
  8702 | D:7      | Reached * piety under Vehumet
  8702 | D:7      | Offered knowledge of Foxfire by Vehumet.
  8703 | D:7      | Reached skill level 5 in Dodging
  8888 | D:7      | Reached skill level 4 in Fighting
  9151 | D:8      | Noticed Pikel
  9340 | D:8      | Reached skill level 9 in Earth Magic
  9587 | D:8      | Killed Pikel
  9588 | D:8      | Reached skill level 6 in Spellcasting
  9588 | D:8      | Reached XP level 10. HP: 58/58 MP: 8/19
  9589 | D:8      | Noticed a two-headed ogre
  9678 | D:8      | Killed a two-headed ogre
  9679 | D:8      | Reached skill level 5 in Fighting
  9679 | D:8      | Reached skill level 7 in Conjurations
  9989 | D:8      | Noticed Erica
 10519 | D:8      | Killed Erica
 10520 | D:8      | Reached skill level 6 in Dodging
 10520 | D:8      | Reached skill level 10 in Earth Magic
 10821 | D:8      | Noticed a four-headed hydra
 10828 | D:8      | Killed a four-headed hydra
 10829 | D:8      | Reached skill level 6 in Fighting
 10829 | D:8      | Reached skill level 7 in Spellcasting
 10963 | D:8      | Reached skill level 8 in Conjurations
 11338 | D:8      | Found an ornate altar of the Wu Jian Council.
 12003 | D:9      | Learned a level 5 spell: Iskenderun's Battlesphere
 12011 | D:9      | Learned a level 7 spell: Orb of Destruction
 12093 | D:9      | Noticed a two-headed ogre
 12100 | D:9      | Killed a two-headed ogre
 12101 | D:9      | Reached XP level 11. HP: 66/66 MP: 7/21
 12734 | D:9      | Learned a level 1 spell: Magic Dart
 12921 | D:9      | Found a hide-covered altar of Uskayaw.
 13608 | D:10     | Entered Level 10 of the Dungeon
 13766 | D:10     | Reached skill level 9 in Conjurations
 13768 | D:10     | Reached skill level 7 in Fighting
 13957 | D:10     | Noticed a death yak
 13957 | D:10     | Noticed a death yak
 13962 | D:10     | Noticed a death yak
 13962 | D:10     | Noticed a death yak
 14017 | D:10     | Noticed a death yak
 14019 | D:10     | Noticed a death yak
 14033 | D:10     | Killed a death yak
 14041 | D:10     | Killed a death yak
 14051 | D:10     | HP: 5/67 [death yak (18)]
 14055 | D:9      | Mangled by a death yak

Illustrated notes

Levels and vault maps discovered:
D:1:      dpeg_arrival_arbitrary_c, layout_basic, minmay_surrounded
D:2:      layout_loops_ring, uniq_sigmund
D:3:      layout_basic, nicolae_ashenzari_skybound,
          shapermc_ecumenical_altar_mp_highgroup, minmay_unequal, uniq_terence
D:4:      layout_basic, chequers_temple_overflow_statue_of_worship,
          serial_rivers, chequers_serial_rivers_room_b,
          chequers_serial_rivers_small_3, chequers_serial_rivers_micro_c,
          chequers_serial_rivers_small_b
D:5:      layout_basic, grunt_dithmenos_shadows, kiku_gazebo_pond_becter,
          mainiacjoe_overflow_catwalk_spiral, temple_doors_cd, minmay_holes
D:6:      layout_loops_cross, minmay_fractal_squares_5
D:7:      layout_gridville, kennysheep_boxes
D:8:      layout_basic, nzn_wu_jian_council_hall, serial_ice, serial_ice_c,
          serial_ice_d, serial_ice_a, serial_ice_l, minmay_door_square,
          lightli_orcish_oven, uniq_pikel, uniq_erica
D:9:      layout_irregular_city, pf_just_have_faith, grunt_ministairs_5,
          hangedman_decor_slide_cut
D:10:     layout_basic, dpeg_lair_monsters
Temple:   nicolae_temple_figure_eight

Skill      XL: |  1  2  3  4  5  6  7  8  9 10 11 |
---------------+----------------------------------+-----
Earth Magic    | 4 5 6 7 8 9 10 | 10.3
Dodging        | 2 3 4 5 6 |  6.9
Spellcasting   | 3 4 5 6 7 |  7.7
Conjurations   | 2 4 5 6 8 9 |  9.5
Fighting       | 2 4 6 7 |  7.3
Stealth        | |  2.1
Transmutations | |  0.7

Action                   |  1- 3 |  4- 6 |  7- 9 | 10-12 || total
-------------------------+-------+-------+-------+-------++-------
Melee: Unarmed           |    16 |       |       |       ||    16
       Dagger            |    76 |    99 |   132 |     3 ||   310
       Punch             |     3 |     2 |     1 |       ||     6
Throw: Stone             |     1 |       |       |     1 ||     2
       Dart              |       |       |       |     7 ||     7
       Javelin           |       |       |       |     4 ||     4
 Cast: Sandblast         |    12 |    39 |    25 |     4 ||    80
       Stone Arrow       |       |     3 |   101 |    85 ||   189
       Iskenderun's Batt |       |       |       |    14 ||    14
       Magic Dart        |       |       |       |    24 ||    24
  Use: Scroll            |       |       |    14 |     1 ||    15
       Potion            |       |       |       |     2 ||     2
 Stab: Sleeping          |     2 |     2 |     2 |       ||     6
Armor: Robe              |    29 |    58 |    57 |    26 ||   170
Dodge: Dodged            |    58 |    96 |   112 |    45 ||   311

Table legend: (Time is in decaauts)
 A = Elapsed time spent in this place.
 B = Non-inter-level travel time spent in this place.
 C = Inter-level travel time spent in this place.
 D = Time resting spent in this place.
 E = Time spent auto-exploring this place.
 F = Levels seen in this place.
 G = Mean time per level.
                   A        B        C        D        E       F      G
               +--------+--------+--------+--------+--------+-----+--------+
         Total |  14068 |  13771 |    297 |   2523 |   9701 |  11 | 1278.9 |
       Dungeon |  13922 |  13652 |    270 |   2523 |   9588 |  10 | 1392.2 |
        Temple |    145 |    118 |     27 |      0 |    113 |   1 |  145.0 |
               +--------+--------+--------+--------+--------+-----+--------+

Top non-repeatable levels by time:
     D:7: 2136 daAuts
     D:8: 2121 daAuts
     D:1: 1870 daAuts
     D:9: 1651 daAuts
     D:6: 1392 daAuts
     D:4: 1288 daAuts
     D:3: 1107 daAuts
     D:5: 1096 daAuts
     D:2: 810 daAuts
    D:10: 446 daAuts
  Temple: 145 daAuts

Table legend:
 A = Kills in this place as a percentage of kills in entire the game.
 B = Kills by you in this place as a percentage of kills by you in the entire game.
 C = Kills by friends in this place as a percentage of kills by friends in the entire game.
 D = Other kills in this place as a percentage of other kills in the entire game.
 E = Experience gained in this place as a percentage of experience gained in the entire game.
 F = Experience gained in this place divided by the number of levels of this place that you have seen.
                   A       B       C       D       E      F
               +-------+-------+-------+-------+-------+----------------------
         Total | 100.0 | 100.0 |   N/A |   N/A | 100.0 | 1246.2
       Dungeon | 100.0 | 100.0 |   N/A |   N/A | 100.0 | 1370.8
               +-------+-------+-------+-------+-------+----------------------
